| TOP OF THE 1ST |
|
Vancouver Canadians batting - Pitching for Mahoning Valley Scrappers : RHP Steven Costanza
|
|
Pitching: RHP Steven Costanza
|
|
|
Batting: RHB Kennet Strijbis
|
0-0: Fly out, F6 (Line Drive, 6M, EV 71.9 MPH)
|
|
Batting: RHB Carlos Renteria
|
0-0: Ground out 4-3 (Groundball, 4M, EV 108.8 MPH)
|
|
Batting: RHB Paul Healy
|
0-0: Called Strike 0-1: Foul Ball, location: 2F 0-2: Strikes out swinging
|
| Top of the 1st over - 0 runs, 0 hits, 0 errors, 0 left on base; Vancouver 0 - Mahoning Valley 0 |
| BOTTOM OF THE 1ST |
|
Mahoning Valley Scrappers batting - Pitching for Vancouver Canadians : RHP Cody Walsh
|
|
Pitching: RHP Cody Walsh
|
|
|
Batting: RHB Ricky Cordova
|
0-0: Swinging Strike 0-1: Called Strike 0-2: Strikes out looking
|
|
Batting: RHB Jose Argueta
|
0-0: Ball 1-0: Called Strike 1-1: Ball 2-1: Ball 3-1: Swinging Strike 3-2: Strikes out swinging
|
|
Batting: LHB Dave Key
|
0-0: Hit by Pitch
|
|
Batting: RHB John Shaffer
|
0-0: Ball 1-0: Foul Ball, location: 2F 1-1: Swinging Strike 1-2: Hit by Pitch Dave Key to second
|
|
Batting: RHB Leo Candelas
|
0-0: Foul Ball, location: 2F 0-1: Foul Ball, location: 2F 0-2: Ball 1-2: Ball 2-2: Foul Ball, location: 2F 2-2: Foul Ball, location: 2F 2-2: Foul Ball, location: 2F 2-2: SINGLE (Groundball, 25, EV 70.6 MPH) (infield hit) Dave Key to third John Shaffer to second
|
|
Batting: RHB Jonathan Livingston
|
0-0: SINGLE (Groundball, 34S, EV 68.8 MPH) (infield hit) Dave Key scores John Shaffer to third Leo Candelas to second
|
|
Batting: RHB Justin Young
|
0-0: Ground out 1-3 (Groundball, 13, EV 68.1 MPH)
|
| Bottom of the 1st over - 1 run, 2 hits, 0 errors, 3 left on base; Vancouver 0 - Mahoning Valley 1 |
| TOP OF THE 2ND |
|
Vancouver Canadians batting - Pitching for Mahoning Valley Scrappers : RHP Steven Costanza
|
|
Batting: RHB Nikita Schram
|
0-0: Called Strike 0-1: Ball 1-1: Foul Ball, location: 2F 1-2: Ball 2-2: Strikes out swinging
|
|
Batting: RHB George King
|
0-0: Swinging Strike 0-1: Swinging Strike 0-2: Ball 1-2: Ball 2-2: SINGLE (Groundball, 6S, EV 65.0 MPH) (infield hit)
|
|
Batting: RHB Brian Manson
|
0-0: Swinging Strike 0-1: Ball 1-1: Swinging Strike 1-2: Foul Ball, location: 2F 1-2: Strikes out swinging George King is caught stealing 2nd base 2-4 Batter strikes out.
|
| Top of the 2nd over - 0 runs, 1 hit, 0 errors, 0 left on base; Vancouver 0 - Mahoning Valley 1 |
| BOTTOM OF THE 2ND |
|
Mahoning Valley Scrappers batting - Pitching for Vancouver Canadians : RHP Cody Walsh
|
|
Batting: RHB Eric Kuck
|
0-0: Foul Ball, location: 2F 0-1: Ball 1-1: Ball 2-1: Ball 3-1: Foul Ball, location: 2F 3-2: SINGLE (Line Drive, 8RS, EV 105.0 MPH)
|
|
Batting: RHB Jason Roberts
|
0-0: Foul Ball, location: 2F 0-1: Fielders Choice at 2nd, 4-6 (Groundball, 4MD, EV 108.1 MPH)
|
|
Batting: RHB Ricky Cordova
|
0-0: Ball 1-0: SINGLE (Groundball, 34, EV 104.4 MPH) (infield hit) Jason Roberts to second
|
|
Batting: RHB Jose Argueta
|
0-0: Swinging Strike 0-1: Ball 1-1: Foul Ball, location: 2F 1-2: Ball 2-2: Foul Ball, location: 2F 2-2: Foul Ball, location: 2F 2-2: Foul Ball, location: 2F 2-2: Foul Ball, location: 2F 2-2: SINGLE (Groundball, 6D, EV 95.6 MPH) Jason Roberts to third Ricky Cordova to second Runner from 3rd tries for Home, SAFE, throw by CF to home
|
|
Batting: LHB Dave Key
|
0-0: Foul Ball, location: 2F 0-1: Ball 1-1: Ball Ricky Cordova is caught stealing 3rd base 2-5 2-1: Fly out, F6 (Line Drive, 6, EV 66.2 MPH)
|
| Bottom of the 2nd over - 1 run, 3 hits, 0 errors, 1 left on base; Vancouver 0 - Mahoning Valley 2 |
| TOP OF THE 3RD |
|
Vancouver Canadians batting - Pitching for Mahoning Valley Scrappers : RHP Steven Costanza
|
|
Batting: RHB Elliot Manfredini
|
0-0: Ball 1-0: Called Strike 1-1: Swinging Strike 1-2: Foul Ball, location: 2F 1-2: Foul Ball, location: 2F 1-2: Ground out 6-3 (Groundball, 6, EV 98.8 MPH)
|
|
Batting: RHB Ricky Carbajal
|
0-0: Ball 1-0: Called Strike 1-1: SINGLE (Line Drive, 34D, EV 103.8 MPH)
|
|
Batting: RHB Luis Vargas
|
0-0: Ball 1-0: Foul Ball, location: 2F 1-1: Foul Ball, location: 2F 1-2: Strikes out swinging
|
|
Batting: RHB Kennet Strijbis
|
0-0: Called Strike Balk! Ricky Carbajal to second 0-1: Ball 1-1: SINGLE (Groundball, 34D, EV 94.4 MPH) Ricky Carbajal to third Runner from 3rd tries for Home, SAFE, throw by RF to home
|
|
Batting: RHB Carlos Renteria
|
0-0: Called Strike 0-1: Ball 1-1: Ball 2-1: Called Strike 2-2: Ball Kennet Strijbis is caught stealing 2nd base 2-4
|
| Top of the 3rd over - 1 run, 2 hits, 0 errors, 0 left on base; Vancouver 1 - Mahoning Valley 2 |
| BOTTOM OF THE 3RD |
|
Mahoning Valley Scrappers batting - Pitching for Vancouver Canadians : RHP Cody Walsh
|
|
Batting: RHB John Shaffer
|
0-0: Called Strike 0-1: Ball 1-1: SINGLE (Groundball, 4MD, EV 96.9 MPH)
|
|
Batting: RHB Leo Candelas
|
0-0: Swinging Strike 0-1: Ball 1-1: Ball 2-1: Grounds into double play, 5-4-3 (Groundball, 56S, EV 80.6 MPH)
|
|
Batting: RHB Jonathan Livingston
|
0-0: Ball 1-0: Ball 2-0: Swinging Strike 2-1: Ball 3-1: Called Strike 3-2: Foul Ball, location: 2F 3-2: Foul Ball, location: 2F 3-2: Strikes out swinging
|
| Bottom of the 3rd over - 0 runs, 1 hit, 0 errors, 0 left on base; Vancouver 1 - Mahoning Valley 2 |
| TOP OF THE 4TH |
|
Vancouver Canadians batting - Pitching for Mahoning Valley Scrappers : RHP Steven Costanza
|
|
Batting: RHB Carlos Renteria
|
0-0: Ground out 6-3 (Groundball, 6, EV 102.5 MPH)
|
|
Batting: RHB Paul Healy
|
0-0: Ball 1-0: Foul Ball, location: 2F 1-1: Ball 2-1: Ball 3-1: SINGLE (Groundball, 4M, EV 87.5 MPH) (infield hit)
|
|
Batting: RHB Nikita Schram
|
0-0: Ball 1-0: Swinging Strike 1-1: Foul Ball, location: 2F 1-2: Foul Ball, location: 2F 1-2: Strikes out swinging
|
|
Batting: RHB George King
|
0-0: Ball Wild Pitch! Paul Healy to second 1-0: Foul Ball, location: 2F 1-1: Foul Ball, location: 2F 1-2: Ball 2-2: Ball 3-2: Strikes out swinging
|
| Top of the 4th over - 0 runs, 1 hit, 0 errors, 1 left on base; Vancouver 1 - Mahoning Valley 2 |
| BOTTOM OF THE 4TH |
|
Mahoning Valley Scrappers batting - Pitching for Vancouver Canadians : RHP Cody Walsh
|
|
Batting: RHB Justin Young
|
0-0: Ball 1-0: Called Strike 1-1: Ball 2-1: Foul Ball, location: 2F 2-2: Foul Ball, location: 2F 2-2: Strikes out swinging
|
|
Batting: RHB Eric Kuck
|
0-0: Called Strike 0-1: Ball 1-1: Called Strike 1-2: Strikes out swinging
|
|
Batting: RHB Jason Roberts
|
0-0: Called Strike 0-1: Ball 1-1: Called Strike 1-2: Ground out 5-3 (Groundball, 56, EV 81.9 MPH)
|
| Bottom of the 4th over - 0 runs, 0 hits, 0 errors, 0 left on base; Vancouver 1 - Mahoning Valley 2 |
| TOP OF THE 5TH |
|
Vancouver Canadians batting - Pitching for Mahoning Valley Scrappers : RHP Steven Costanza
|
|
Batting: RHB Brian Manson
|
0-0: Ball 1-0: Called Strike 1-1: Ball 2-1: SINGLE (Line Drive, 9S, EV 107.5 MPH)
|
|
Batting: RHB Elliot Manfredini
|
0-0: Ball Brian Manson steals 2nd base 1-0: Ball 2-0: Called Strike 2-1: Ground out 5-3 (Groundball, 56S, EV 89.4 MPH)
|
|
Batting: RHB Ricky Carbajal
|
0-0: Called Strike 0-1: Ball 1-1: Ball 2-1: Foul Ball, location: 2F 2-2: Ball 3-2: Foul Ball, location: 2F 3-2: Strikes out swinging
|
|
Batting: RHB Luis Vargas
|
0-0: Ground out U3 (Groundball, 13, EV 80.0 MPH)
|
| Top of the 5th over - 0 runs, 1 hit, 0 errors, 1 left on base; Vancouver 1 - Mahoning Valley 2 |
| BOTTOM OF THE 5TH |
|
Mahoning Valley Scrappers batting - Pitching for Vancouver Canadians : RHP Cody Walsh
|
|
Batting: RHB Ricky Cordova
|
0-0: Ground out 6-3 (Groundball, 6, EV 98.8 MPH)
|
|
Batting: RHB Jose Argueta
|
0-0: Called Strike 0-1: Foul Ball, location: 2F 0-2: Ball 1-2: Ball 2-2: Ball 3-2: Fly out, F9 (Flyball, 9S, EV 81.9 MPH)
|
|
Batting: LHB Dave Key
|
0-0: Called Strike 0-1: Ball 1-1: Called Strike 1-2: SINGLE (Groundball, 4M, EV 98.8 MPH) (infield hit)
|
|
Batting: RHB John Shaffer
|
0-0: Ball 1-0: Called Strike 1-1: Swinging Strike 1-2: Strikes out swinging
|
| Bottom of the 5th over - 0 runs, 1 hit, 0 errors, 1 left on base; Vancouver 1 - Mahoning Valley 2 |
| TOP OF THE 6TH |
|
Vancouver Canadians batting - Pitching for Mahoning Valley Scrappers : RHP Steven Costanza
|
|
Batting: RHB Kennet Strijbis
|
0-0: Ball 1-0: Ball 2-0: Ball 3-0: Called Strike 3-1: SINGLE (Groundball, 56S, EV 64.4 MPH) (infield hit)
|
|
Batting: RHB Carlos Renteria
|
0-0: Ball Kennet Strijbis steals 2nd base (no throw) 1-0: Swinging Strike 1-1: Foul Ball, location: 2F 1-2: Strikes out looking
|
|
Batting: RHB Paul Healy
|
0-0: Called Strike Kennet Strijbis steals 3rd, throwing error, E2 Kennet Strijbis scores 0-1: Ball 1-1: Ball 2-1: Ball 3-1: Base on Balls
|
|
Batting: RHB Nikita Schram
|
0-0: Swinging Strike 0-1: Ball 1-1: Foul Ball, location: 2F 1-2: Ball 2-2: Ball 3-2: Foul Ball, location: 2F 3-2: Foul Ball, location: 2F 3-2: Foul Ball, location: 2F 3-2: Foul Ball, location: 2F 3-2: Foul Ball, location: 2F 3-2: SINGLE (Line Drive, 8RS, EV 106.2 MPH) Paul Healy to second
|
|
Batting: RHB George King
|
0-0: Ball 1-0: Hit by Pitch Paul Healy to third Nikita Schram to second
|
|
Batting: RHB Brian Manson
|
0-0: Foul Ball, location: 2F 0-1: Foul Ball, location: 2F 0-2: Ball 1-2: Ball 2-2: Strikes out swinging
|
|
Pitching: RHP Jose Guajardo
|
|
|
Pinch Hitting: LHB Devin Huber
|
0-0: Swinging Strike 0-1: Called Strike 0-2: Foul Ball, location: 2F 0-2: Strikes out swinging
|
| Top of the 6th over - 1 run, 2 hits, 1 error, 3 left on base; Vancouver 2 - Mahoning Valley 2 |
| BOTTOM OF THE 6TH |
|
Mahoning Valley Scrappers batting - Pitching for Vancouver Canadians : RHP Cody Walsh
|
|
Now at 3B: Javier Garcia
|
|
|
Batting: RHB Leo Candelas
|
0-0: Ball 1-0: Ball 2-0: Called Strike 2-1: Foul Ball, location: 2F 2-2: Ball 3-2: Base on Balls
|
|
Batting: RHB Jonathan Livingston
|
0-0: Called Strike 0-1: Ground out 6-3 (Groundball, 6S, EV 69.4 MPH) Leo Candelas to second
|
|
Batting: RHB Justin Young
|
0-0: Foul Ball, location: 2F 0-1: Called Strike Leo Candelas steals 3rd base (no throw) 0-2: Ball 1-2: Strikes out swinging
|
|
Pitching: RHP Dave August
|
|
|
Batting: RHB Eric Kuck
|
0-0: Called Strike 0-1: Ball 1-1: Ball 2-1: Called Strike 2-2: Foul Ball, location: 2F 2-2: Foul Ball, location: 2F 2-2: Strikes out swinging
|
| Bottom of the 6th over - 0 runs, 0 hits, 0 errors, 1 left on base; Vancouver 2 - Mahoning Valley 2 |
| TOP OF THE 7TH |
|
Vancouver Canadians batting - Pitching for Mahoning Valley Scrappers : RHP Jose Guajardo
|
|
Pinch Hitting: LHB Tso-lin Fen
|
0-0: Ball 1-0: Swinging Strike 1-1: Ball 2-1: Ball 3-1: Called Strike 3-2: Base on Balls
|
|
Batting: RHB Luis Vargas
|
0-0: Called Strike Tso-lin Fen steals 2nd base (no throw) 0-1: SINGLE (Groundball, 5S, EV 62.5 MPH) (infield hit) Tso-lin Fen to third
|
|
Batting: RHB Kennet Strijbis
|
0-0: Called Strike 0-1: Ball 1-1: Ball 2-1: Called Strike 2-2: Foul Ball, location: 2F 2-2: Ground out 5-3 (Groundball, 56, EV 101.2 MPH) Luis Vargas to second
|
|
Pinch Hitting: LHB Ray Whitehead
|
0-0: Called Strike 0-1: Ball 1-1: Foul Ball, location: 2F 1-2: Foul Ball, location: 2F 1-2: Strikes out swinging
|
|
Batting: RHB Paul Healy
|
Balk! Tso-lin Fen scores Luis Vargas to third 0-0: Ball 1-0: Foul Ball, location: 2F 1-1: Fly out, F7 (Flyball, 78S, EV 80.0 MPH)
|
| Top of the 7th over - 1 run, 1 hit, 0 errors, 1 left on base; Vancouver 3 - Mahoning Valley 2 |
| BOTTOM OF THE 7TH |
|
Mahoning Valley Scrappers batting - Pitching for Vancouver Canadians : RHP Dave August
|
|
Now at 2B: Norm Mercer
|
|
|
Now at SS: Kennet Strijbis
|
|
|
Now in RF: Dan Hilyer
|
|
|
Batting: RHB Jason Roberts
|
0-0: Ball 1-0: Foul Ball, location: 2F 1-1: Swinging Strike 1-2: SINGLE (Flyball, 5D, EV 86.9 MPH)
|
|
Pinch Hitting: LHB Matt Steinke
|
0-0: Sac Bunt to 23 - play at first, batter OUT! 3-4 Jason Roberts to second
|
|
Batting: RHB Jose Argueta
|
0-0: Ball 1-0: Called Strike 1-1: Ball 2-1: Swinging Strike 2-2: Ball 3-2: Base on Balls
|
|
Batting: LHB Dave Key
|
0-0: Called Strike 0-1: Ball 1-1: Fly out, F7 (Flyball, 78D, EV 82.5 MPH)
|
|
Batting: RHB John Shaffer
|
0-0: Ball 1-0: SINGLE (Groundball, 6MD, EV 95.6 MPH) Jason Roberts to third Jose Argueta to second Runner from 3rd tries for Home, SAFE, throw by CF to home
|
|
Batting: RHB Leo Candelas
|
0-0: Called Strike 0-1: Fly out, F7 (Flyball, 7, EV 90.6 MPH)
|
| Bottom of the 7th over - 1 run, 2 hits, 0 errors, 2 left on base; Vancouver 3 - Mahoning Valley 3 |
| TOP OF THE 8TH |
|
Vancouver Canadians batting - Pitching for Mahoning Valley Scrappers : RHP Jose Guajardo
|
|
Now in LF: Jesus Montana
|
|
|
Batting: RHB Nikita Schram
|
0-0: Swinging Strike 0-1: Swinging Strike 0-2: Ball 1-2: Ball 2-2: DOUBLE (Flyball, 9LD, EV 100.0 MPH)
|
|
Batting: RHB George King
|
0-0: Called Strike 0-1: Foul Ball, location: 2F 0-2: Foul Ball, location: 2F 0-2: Ball 1-2: Ball 2-2: Strikes out looking
|
|
Batting: RHB Brian Manson
|
0-0: Ball Nikita Schram steals 3rd base 1-0: Ball 2-0: Ground out 6-3 (Groundball, 6S, EV 70.0 MPH)
|
|
Batting: RHB Javier Garcia
|
0-0: Ball 1-0: Ball 2-0: Swinging Strike 2-1: Ground out 6-3 (Groundball, 6, EV 81.2 MPH)
|
| Top of the 8th over - 0 runs, 1 hit, 0 errors, 1 left on base; Vancouver 3 - Mahoning Valley 3 |
| BOTTOM OF THE 8TH |
|
Mahoning Valley Scrappers batting - Pitching for Vancouver Canadians : RHP Dave August
|
|
Batting: RHB Jonathan Livingston
|
0-0: SINGLE (Line Drive, 78S, EV 106.2 MPH)
|
|
Pinch Runner at 1st Juan Ordonez:
|
|
|
Batting: RHB Justin Young
|
0-0: Called Strike Juan Ordonez steals 2nd base (no throw) 0-1: Ball 1-1: Ball 2-1: SINGLE (Groundball, 6MD, EV 98.1 MPH) Juan Ordonez to third Runner from 3rd tries for Home, SAFE, throw by CF to home
|
|
Batting: RHB Eric Kuck
|
0-0: Swinging Strike 0-1: Swinging Strike 0-2: Strikes out swinging
|
|
Batting: RHB Jason Roberts
|
0-0: Ball 1-0: Ball 2-0: Called Strike 2-1: Ball 3-1: Foul Ball, location: 2F 3-2: Foul Ball, location: 2F 3-2: Foul Ball, location: 2F 3-2: SINGLE (Groundball, 4MD, EV 104.4 MPH) Justin Young to second
|
|
Batting: RHB Jesus Montana
|
0-0: Ball 1-0: Called Strike 1-1: Ball 2-1: Ball 3-1: SINGLE (Groundball, 6D, EV 97.5 MPH) Justin Young to third Jason Roberts to second Runner from 3rd tries for Home, throw by LF and OUT! 7-2 Jason Roberts to third Jesus Montana to second
|
|
Batting: RHB Jose Argueta
|
0-0: Ball 1-0: Ball 2-0: Ball Wild Pitch! Jason Roberts scores Jesus Montana to third 3-0: Called Strike 3-1: Base on Balls
|
|
Batting: LHB Dave Key
|
0-0: Foul Ball, location: 2F 0-1: Swinging Strike 0-2: Foul Ball, location: 2F 0-2: Strikes out looking
|
| Bottom of the 8th over - 2 runs, 4 hits, 0 errors, 2 left on base; Vancouver 3 - Mahoning Valley 5 |
| TOP OF THE 9TH |
|
Vancouver Canadians batting - Pitching for Mahoning Valley Scrappers : RHP Jose Guajardo
|
|
Pitching: RHP Danny Roe
|
|
|
Now in CF: Juan Ordonez
|
|
|
Now in RF: Jaquan Brown
|
|
|
Batting: RHB Norm Mercer
|
0-0: Ball 1-0: Called Strike 1-1: Ball 2-1: Foul Ball, location: 2F 2-2: Strikes out swinging
|
|
Pinch Hitting: LHB Roald Jacobs
|
0-0: Called Strike 0-1: Called Strike 0-2: Strikes out swinging
|
|
Batting: RHB Kennet Strijbis
|
0-0: Called Strike 0-1: Ball 1-1: Ball 2-1: Swinging Strike 2-2: Strikes out looking
|
| Top of the 9th over - 0 runs, 0 hits, 0 errors, 0 left on base; Vancouver 3 - Mahoning Valley 5 |
|